 Dungeon Crawl Stone Soup version 0.29.1-12-g30fa7ad0bf (webtiles) character file.

Game seed: 2971645356658563980

592 nightchill the Trooper (level 7, 0/87 HPs)
             Began as a Palentonga Abyssal Knight on Jan 15, 2023.
             Was an Elder of Lugonu.
             Succumbed to an orc priest's poison
             ... on level 4 of the Dungeon.
             The game lasted 00:09:43 (4264 turns).

nightchill the Trooper (Palentonga Abyssal Knight)  Turns: 4264, Time: 00:09:43

Health: 0/87       AC: 23    Str: 20    XL:     7   Next: 16%
Magic:  9/10       EV:  1    Int: 11    God:    Lugonu [****..]
Gold:   128        SH:  0    Dex: 10    Spells: 6/6 levels left

rFire   . . .      SeeInvis +   u - +1 demon blade (venom)
rCold   . . .      Faith    .   (no shield)
rNeg    . . .      Spirit   .   (body armour currently unavailable)
rPois   +          Reflect  .   (helmet currently unavailable)
rElec   .          Harm     .   (cloak currently unavailable)
rCorr   .          Rampage  .   (gloves currently unavailable)
Will    .....      NoTele   +   (no barding)
Stlth   +.........              (no amulet)
HPRegen 0.24/turn               (no ring)
MPRegen 0.12/turn               (no ring)

@: lethally poisoned (0 -> -2), tree-form
A: stationary, stasis, torment immunity, boosted hp, large, rugged brown scales
3, see invisible, (deformed body), (roll 1), (armoured tail), (reflexive curl)
a: Renounce Religion, Depart the Abyss, Bend Space, Banish, Corrupt


You were on level 4 of the Dungeon.
You worshipped Lugonu.
Lugonu was greatly pleased with you.
You were a tree.
You visited 1 branch of the dungeon, and saw 4 of its levels.
You visited the Abyss 1 time.

You collected 128 gold pieces.

Inventory:

Hand Weapons
 a - a +1 hand axe
 u - a +1 demon blade of venom (weapon)
Missiles
 h - 11 poisoned darts
Armour
 b - a +0 leather armour
 j - a +0 chain mail (melded)
 q - a +1 pair of gloves (melded)
Wands
 s - a wand of paralysis (7)
Scrolls
 c - 3 scrolls of teleportation
 d - a scroll of immolation {unknown}
 e - a scroll of summoning
 f - a scroll of blinking
 g - a scroll of enchant weapon {unknown}
 i - a scroll of enchant armour {unknown}
 l - a scroll of noise {unknown}
 m - a scroll of vulnerability {unknown}
 n - 2 scrolls of magic mapping {unknown}
 r - a scroll of poison {unknown}
 t - a scroll of amnesia {unknown}
 v - a scroll of identify {unknown}
Potions
 o - 2 potions of lignification


   Skills:
 + Level 4.8 Fighting
 * Level 3.4 Long Blades
 - Level 4.4 Axes
 - Level 1.5 Armour
 - Level 0.7 Dodging
 + Level 4.5 Invocations


You had 6 spell levels left.
You didn't know any spells.
Your spell library was empty.

Dungeon Overview and Level Annotations

Branches:
Dungeon (4/15)
 Temple: D:4-7

Altars:

Annotations:
D:2 exclusion: 3 doors


Innate Abilities, Weirdness & Mutations

You are a tree.
Your roots penetrate the ground, keeping you stationary.
You cannot be teleported.
You are immune to unholy pain and torment.
Your maximum health is greatly increased.
Your equipment is partially melded.
(You are completely covered in rugged brown scales. (AC +3, +7% HP))
You have supernaturally acute eyesight. (SInv)
((Armour fits poorly on your strangely shaped body.))
((You can roll at nearby foes to attack.))
((You have a long armoured tail.))
((You curl defensively after being hit. (AC +7*)))


Message History

You slash the orc!
You kill the orc!
Lugonu accepts your kill.
* * * LOW HITPOINT WARNING * * *
You feel very sick. The orc wizard casts a spell at you.
The orc wizard appears confused.
You slash the orc wizard!
The orc wizard is poisoned.
The orc wizard is severely wounded.
* * * LOW HITPOINT WARNING * * *
You feel very sick.
The orc wizard hits you but does no damage.
It was a potion of lignification.
You turn into a tree.
Your +1 pair of gloves melds into your body.
Your +0 chain mail melds into your body.
Your roots penetrate the ground.
* * * LOW HITPOINT WARNING * * *
You feel sick.
The orc wizard hits you but does no damage.
You hit the orc wizard.
You kill the orc wizard!
Lugonu accepts your kill.
* * * LOW HITPOINT WARNING * * *
You feel sick.
It was a potion of flight.
Your roots keep you in place.
* * * LOW HITPOINT WARNING * * *
You feel sick.
The orc wizard hits you but does no damage.
You slash the orc wizard!
The orc wizard is poisoned.
The orc wizard is severely wounded.
* * * LOW HITPOINT WARNING * * *
You feel sick. The orc wizard completely misses you.
You slash the orc wizard!
You kill the orc wizard!
Lugonu accepts your kill.
* * * LOW HITPOINT WARNING * * *
You feel sick.
There is a lethal amount of poison in your body!
There is a lethal amount of poison in your body!
You die...

..>........#.#........
.#^#.#######.........#
# #.#.# ###.####### ..
# #.# #.# ... #.# #.#
... #.# . .. #.#
#...#.###########.#
#....)$)♣........#
####.############# ..
##


There were no monsters in sight!

Vanquished Creatures
  2 ogres
  2 scorpions (D:4)
  An orc priest (D:4)
  Ijyb (D:3)
  An iguana (D:4)
  2 orc wizards (D:4)
  3 gnolls
  3 adders
  4 worms
  A dart slug (D:2)
  14 orcs
  6 ball pythons
  9 bats
  5 endoplasms
  3 giant cockroaches
  6 goblins
  7 hobgoblins
  9 jackals
  2 quokkas
  4 frilled lizards
  7 kobolds
  9 rats
101 creatures vanquished.

Vanquished Creatures (others)
  A kobold (D:3)
  4 fungi (D:2)
  7 plants
12 creatures vanquished.

Grand Total: 113 creatures vanquished

Notes
Turn   | Place    | Note
-------+----------+-------------------------------------------
     0 | Abyss:1  | nightchill the Palentonga Abyssal Knight began the quest
                  | for the Orb.
     0 | Abyss:1  | Reached XP level 1. HP: 19/19 MP: 2/2
     1 | D:1      | Escaped the Abyss
   127 | D:1      | Reached XP level 2. HP: 25/25 MP: 3/3
   300 | D:1      | Reached *** piety under Lugonu
   473 | D:1      | Reached XP level 3. HP: 20/31 MP: 4/4
  1493 | D:2      | Reached XP level 4. HP: 22/37 MP: 6/6
  2069 | D:2      | Found a faded altar of an unknown god.
  2496 | D:3      | Noticed an ogre
  2498 | D:3      | Reached **** piety under Lugonu
  2506 | D:3      | Killed an ogre
  2507 | D:3      | Reached XP level 5. HP: 26/44 MP: 5/7
  2972 | D:3      | Paralysed by an orc for 5 turns
  2987 | D:3      | Paralysed by an orc for 4 turns
  3083 | D:3      | Noticed Ijyb
  3083 | D:3      | Paralysed by Ijyb for 2 turns
  3085 | D:3      | Killed Ijyb
  3375 | D:4      | Reached skill level 1 in Long Blades
  3571 | D:4      | Reached XP level 6. HP: 36/51 MP: 8/8
  4256 | D:4      | Gained mutation: You curl defensively after being hit. (AC
                  | +7*) [Palentonga growth]
  4256 | D:4      | Reached XP level 7. HP: 16/58 MP: 8/10
  4260 | D:4      | HP: 3/87 [poisoned by an orc priest]
  4263 | D:4      | HP: 1/87 [poisoned by an orc priest]
  4264 | D:4      | Succumbed to an orc priest's poison

Illustrated notes

Levels and vault maps discovered:
D:1:      roderic_chinese_lattice_arrival, layout_basic, minmay_small_reverse_x
D:2:      layout_loops_cross, shapermc_ecumenical_altar_acropolis,
          kennysheep_donut
D:3:      layout_loops_ring, lemuel_flame_loot_1, uniq_ijyb
D:4:      layout_loops_ring, serial_forest, infiniplex_forest_corner_1,
          infiniplex_forest_straight_3, infiniplex_forest_lined_3,
          infiniplex_forest_clump_medium, infiniplex_forest_corner_1,
          infiniplex_forest_end_2, infiniplex_forest_straight_4

Skill      XL: |  1  2  3  4  5  6 |
---------------+-------------------+-----
Axes           | 3 4 |  4.4
Invocations    | 3 4 |  4.5
Fighting       | 4 |  4.8
Long Blades    | 1 3 |  3.4
Armour         | |  1.5
Dodging        | |  0.7

Action                   |  1- 3 |  4- 6 |  7- 9 || total
-------------------------+-------+-------+-------++-------
Melee: Hand axe          |   121 |    78 |       ||   199
       Tailslap          |    11 |    14 |       ||    25
       Punch             |     1 |     1 |       ||     2
       Demon blade       |       |    46 |     6 ||    52
Invok: Bend Space        |       |     7 |       ||     7
 Abil: Rolling Charge    |    11 |    20 |       ||    31
  Use: Scroll            |     2 |     1 |       ||     3
       Potion            |       |     2 |     2 ||     4
Armor: Leather armour    |    28 |       |       ||    28
       Chain mail        |    46 |    70 |     2 ||   118
       Skin              |       |       |     2 ||     2
Dodge: Dodged            |    45 |    31 |     1 ||    77
